 Dungeon Crawl Stone Soup version 0.31.0-9-g3a7656b989 (webtiles) character file.

Game seed: 14690367920499827513

70 qw the Shooter (level 4, -2/25 HPs)
             Began as a Deep Elf Hunter on Feb 2, 2024.
             Slain by a gnoll
             ... wielding a +0 flail
              (13 damage)
             ... on level 2 of the Dungeon.
             The game lasted 00:00:03 (950 turns).

qw the Shooter (Deep Elf Hunter)                     Turns: 950, Time: 00:00:04

Health: -2/25      AC:  3    Str: 10    XL:     4   Next: 3%
Magic:  6/6        EV: 12    Int: 14    God:
Gold:   37         SH:  0    Dex: 18    Spells: 3/3 levels left

rFire   . . .        a - +0 shortbow
rCold   . . .        (shield currently unavailable)
rNeg    . . .        c - +0 leather armour
rPois   .            (no helmet)
rElec   .            (no cloak)
rCorr   .            (no gloves)
SInv    .            (no boots)
Will    .....        (no amulet)
Stlth   ++           (no ring)
HPRegen 0.24/turn    (no ring)
MPRegen 0.10/turn

%: no passive effects
@: no status effects
A: no striking features
a: no special abilities


You were on level 2 of the Dungeon.
You visited 1 branch of the dungeon, and saw 2 of its levels.

You collected 37 gold pieces.


   Skills:
 - Level 1.5 Fighting
 + Level 7.4 Ranged Weapons
 - Level 2.4 Dodging
 - Level 1.2 Stealth


You had 3 spell levels left.
You didn't know any spells.
Your spell library was empty.

Inventory:

Hand Weapons
 a - a +0 shortbow (weapon)
Armour
 c - a +0 leather armour (worn)
Scrolls
 b - a scroll of fear {unknown}
 g - 2 scrolls of identify
Potions
 e - a potion of haste

Dungeon Overview and Level Annotations

Branches:
Dungeon (2/15)

Altars:

Shops:
D:1 (


Message History

You kill the gnoll!
The gnoll hits you with a +0 club.
You shoot an arrow. The arrow hits the gnoll.
The gnoll is heavily wounded.
The gnoll hits you with a +0 club.
939 ||| DRINKING 2 potions of heal wounds.
You feel much better. The gnoll closely misses you.
You shoot an arrow.
The arrow hits the gnoll but does no damage.
The gnoll is heavily wounded.
The gnoll barely misses you.
You shoot an arrow. The arrow hits the gnoll.
The gnoll is almost dead.
The gnoll barely misses you.
You shoot an arrow. The arrow hits the gnoll!
You kill the gnoll!
The gnoll hits you with a +0 flail.
You have reached level 4!
You feel clever.
You shoot an arrow. The arrow hits the gnoll.
The gnoll is lightly wounded.
The gnoll closely misses you.
You shoot an arrow. The arrow barely misses the gnoll.
The gnoll hits you with a +0 flail.
You shoot an arrow. The arrow barely misses the gnoll.
The gnoll hits you with a +0 flail.
You shoot an arrow. The arrow closely misses the gnoll.
The gnoll hits you with a +0 flail.
You shoot an arrow. The arrow hits the gnoll.
The gnoll is moderately wounded.
The gnoll hits you with a +0 flail!
948 ||| DRINKING potion of heal wounds.
You feel much better. The gnoll hits you with a +0 flail.
You shoot an arrow. The arrow barely misses the gnoll.
The gnoll misses you.
You shoot an arrow. The arrow hits the gnoll!
The gnoll is almost dead.
The gnoll hits you with a +0 flail!
Ouch! That really hurt!
You die...

#'####.##.......# #.##
#..'.......#
...###.##.%.....#
.....#.##.......# #
#..#.#.##.......# .+
#..#.#.########## ..#
.......# ...#
#.##.#.###########....#.
................@g)...'>
#.##....).....####....#.
#.##.#.######## .###
#.##.#.# # #....#.#
.......# #.##.### #.##.#
#.##.#


You could see a gnoll.

Vanquished Creatures
  An adder (D:2)
  3 gnolls (D:2)
  2 dart slugs (D:1)
  A ribbon worm (D:2)
  A bat (D:1)
  4 endoplasms
  2 giant cockroaches (D:1)
  3 goblins (D:1)
  4 kobolds (D:1)
  3 frilled lizards
  3 rats (D:1)
27 creatures vanquished.

Notes
Turn   | Place    | Note
-------+----------+-------------------------------------------
     0 | D:1      | qw the Deep Elf Hunter began the quest for the Orb.
     0 | D:1      | Reached XP level 1. HP: 12/12 MP: 3/3
     0 | D:1      | 0 ||| qw: Version: 0.3-a-155-g5e7d8dd
     0 | D:1      | 0 ||| qw: Game counter: 2295
     0 | D:1      | 0 ||| qw: Melee chars always use a shield: true
     0 | D:1      | 0 ||| qw: God list: Okawaru
     0 | D:1      | 0 ||| qw: Allow faded altars: false
     0 | D:1      | 0 ||| qw: Do Orc after clearing Dungeon:15 true
     0 | D:1      | 0 ||| qw: Do second Lair branch before Depths: true
     0 | D:1      | 0 ||| qw: Lair rune preference: random
     0 | D:1      | 0 ||| qw: Goals: Normal
     0 | D:1      | 0 ||| PLANNING D:1-11
   256 | D:1      | Reached skill level 6 in Ranged Weapons
   256 | D:1      | Reached XP level 2. HP: 16/16 MP: 4/4
   308 | D:1      | Found Soap's Antique Weapon Shop.
   675 | D:1      | 675 ||| READING 4 scrolls labelled ICUORA XAHAIC.
   675 | D:1      | 675 ||| IDENTIFYING viscous clear potion
   676 | D:1      | 676 ||| READING 3 scrolls of identify.
   676 | D:1      | 676 ||| IDENTIFYING lumpy red potion
   677 | D:1      | 677 ||| READING 2 scrolls of identify.
   677 | D:1      | 677 ||| IDENTIFYING 2 lumpy ruby potions
   678 | D:1      | 678 ||| DROPPING scroll of butterflies.
   679 | D:1      | 679 ||| DROPPING potion of ambrosia.
   832 | D:2      | Reached XP level 3. HP: 20/20 MP: 5/5
   929 | D:2      | Reached skill level 7 in Ranged Weapons
   938 | D:2      | HP: 4/20 [gnoll/+0 club (2)]
   939 | D:2      | 939 ||| DRINKING 2 potions of heal wounds.
   943 | D:2      | Reached XP level 4. HP: 21/25 MP: 6/6
   947 | D:2      | HP: 1/25 [gnoll/+0 flail (11)]
   948 | D:2      | 948 ||| DRINKING potion of heal wounds.
   950 | D:2      | Slain by a gnoll

Levels and vault maps discovered:
D:1:      lemuel_arrival_cross, layout_basic, serial_shops, shop
D:2:      minmay_chambers_of_ones, layout_basic, serial_shops, shop,
          kennysheep_boxes, uniq_jessica

Skill      XL: |  1  2  3 |
---------------+----------+-----
Ranged Weapons | 6 7 |  7.4
Fighting       | |  1.5
Dodging        | |  2.4
Stealth        | |  1.2

Action                     |  1- 3 |  4- 6 || total
---------------------------+-------+-------++-------
   Fire: Shortbow          |    86 |     7 ||    93
    Use: Scroll            |     3 |       ||     3
         Potion            |     1 |     1 ||     2
 Armour: Leather armour    |    18 |     6 ||    24
  Dodge: Dodged            |    22 |     2 ||    24

Table legend:
 A = Non-vault XP
 B = Vault XP
 C = Vault XP percentage of total XP
 D = Non-vault monster count
 E = Vault monster count
 F = Vault count percentage of total count
                 A         B        C        D         E       F
            +---------+---------+-------+---------+---------+-------
      Total |     100 |       0 |   0.0 |      27 |       0 |   0.0
            +---------+---------+-------+---------+---------+-------
        D:1 |      34 |       0 |   0.0 |      18 |       0 |   0.0
        D:2 |      66 |       0 |   0.0 |       9 |       0 |   0.0
            +---------+---------+-------+---------+---------+-------
